AoeStats
← MJP

Arena

510325137Analyzed
1v1 RM · 15h ago on Sep 30, 2026· 30m 24s· 2 players
Game mode
Random Map
Map size
Tiny (2 player)
Population
200
Speed
Normal
Resources
Standard
Victory
Conquest
Starting age
Dark Age
Ending age
Imperial Age
RankedLock teamsTeams togetherTeam positionsShared explorationLock speedFull tech treeHidden civsTurbo modeCheats
Victory
Defeat
🇪🇸 Aztecs · Spain
868
+16
🇦🇹 Burgundians · Austria
861
-16
MJP
13:46 Feudal Age
15:15 Double-Bit Axe
17:32 Castle Age
20:32 Bow Saw
22:42 Scale Mail Armor
23:05 Horse Collar
30:12 Fletching
TharThril
12:28 Feudal Age
12:31 Loom
18:33 Castle Age
16:50 Horse Collar
18:40 Double-Bit Axe
18:57 Gold Mining
19:38 Forging
20:06 Scale Mail Armor
21:20 Bow Saw
23:46 Iron Casting
23:27 Chain Mail Armor
27:55 Gold Shaft Mining
28:55 Heavy Plow
29:54 Town Watch
30:46 Wheelbarrow
Connection lost

Rejoining the realm…

Still unreachable

The connection could not be restored.

Session expired

The server has moved on; the page needs a fresh start.